 Dungeon Crawl Stone Soup version 0.30-a0-1103-g25895a7845 (webtiles) character file.

Game seed: 2568101011570016239

70 IdlyInterested the Trooper (level 4, -14/38 HPs)
             Began as a Demonspawn Fighter on Apr 18, 2023.
             Killed from afar by Ijyb (17 damage)
             ... with a bolt of acid
             ... on level 4 of the Dungeon.
             The game lasted 00:02:27 (1313 turns).

IdlyInterested the Trooper (Demonspawn Fighter)     Turns: 1313, Time: 00:02:27

Health: -14/38     AC:  2    Str: 16    XL:     4   Next: 4%
Magic:  4/4        EV:  8    Int: 10    God:
Gold:   81         SH:  4    Dex: 14    Spells: 3/3 levels left

rFire   . . .      SeeInvis .    a - +0 flail
rCold   . . .      Faith    .    c - +0 buckler
rNeg    . . .      Spirit   .    b - +0 scale mail
rPois   .          Reflect  .    (no helmet)
rElec   .          Rampage  .    (no cloak)
rCorr   .                        (no gloves)
Will    .....                    (no boots) Stlth
                                 (no amulet)
HPRegen 0.26/turn                (no ring)
MPRegen 0.09/turn                (no ring)

@: corroded, studying Invocations
A: demonic guardian 1, ignite blood 2
a: no special abilities


You were on level 4 of the Dungeon.
You visited 1 branch of the dungeon, and saw 3 of its levels.

You collected 81 gold pieces.

Inventory:

Hand Weapons
 a - a +0 flail (weapon)
Missiles
 f - 8 stones (quivered)
 o - a throwing net
Armour
 b - a +0 scale mail (worn)
 c - a +0 buckler (worn)
Scrolls
 h - a scroll of blinking {unknown}
 i - 3 scrolls of identify {unknown}
 j - 2 scrolls of vulnerability {unknown}
 k - a scroll of poison {unknown}
 l - a scroll of fear {unknown}
 m - a scroll of fog {unknown}
 n - a scroll of amnesia {unknown}
Potions
 d - a potion of might
 e - 2 potions of curing {unknown}
 g - a potion of heal wounds {unknown}


   Skills:
 * Level 4.6 Fighting
 - Level 1.7 Maces & Flails
 + Level 0.6 Throwing
 - Level 3.0 Armour
 - Level 2.6 Shields


You had 3 spell levels left.
You didn't know any spells.
Your spell library contained the following spells:

 Spells                   Type           Power      Damage    Failure   Level
 Blink                    Tloc           0%         N/A       95%         2
 Manifold Assault         Tloc           0%         N/A       100%        4
 Storm Form               Tmut/Air       0%         N/A       100%        7


Dungeon Overview and Level Annotations

Branches:
Dungeon (2/15)

Altars:

Annotations:
D:4 Ijyb


Innate Abilities, Weirdness & Mutations

A weak demonic guardian rushes to your aid.
Your demonic aura often causes spilled blood to erupt in flames.


Message History

You hit the goblin.
The goblin is heavily wounded.
The goblin is engulfed in blazing flames.
You kill the goblin!
Things that are here:
a +0 dagger; a goblin corpse A kobold comes into view.
It is wielding a +0 short sword.
The kobold shouts!
A kobold comes into view. It is wielding a +0 dagger.
The kobold shouts!
Ijyb the Twisted Goblin comes into view.
She is wielding a +0 club and carrying a wand of acid (6).
An orc comes into view. It is wielding a +0 dagger.
The orc shouts!
The kobold throws a stone.
The stone hits you but does no damage.
Ijyb zaps a wand.
The bolt of acid misses the kobold.
The bolt of acid misses you.
The kobold hits you with a +0 short sword.
Ijyb zaps a wand.
The bolt of acid hits the kobold!!
The kobold dies!
The bolt of acid hits you! The acid corrodes you!
Unknown command.
The kobold attacks as you move away! The kobold barely misses you.
Ijyb zaps a wand.
The bolt of acid hits the orc!!
The acid corrodes the orc!
The orc dies!
The bolt of acid hits you!
You see here a +0 leather armour.
Ijyb attacks as you move away! You block Ijyb's attack.
You hit Ijyb but do no damage. Ijyb hits you with a +0 club.
Ijyb zaps a wand.
The bolt of acid misses you.
Ijyb zaps a wand.
The bolt of acid hits the kobold!
The acid corrodes the kobold!
The kobold dies!
The bolt of acid hits you!
* * * LOW HITPOINT WARNING * * *
A demonic guardian appears!
You hit Ijyb.
Ijyb is moderately wounded.
Ijyb is engulfed in blazing flames.
Ijyb zaps a wand.
The bolt of acid hits you!
You die...

###....###.# #.###
.....#...#.#### #.# #
#.#........[..# #.#
.#......#.##.###.###
.....))......)......
###.###..[.........>..
... #.....#....>....
#.###.#####.########
#.5@g.......#
#############


You could see Ijyb (ally target) and a friendly ufetubus (summoned).

Vanquished Creatures
  A hound (D:4)
  An iguana (D:4)
  5 goblins
  2 hobgoblins (D:2)
  A ball python (D:1)
  A frilled lizard (D:2)
  3 rats
14 creatures vanquished.

Vanquished Creatures (others)
  An orc (D:4)
  2 kobolds (D:4)
3 creatures vanquished.

Grand Total: 17 creatures vanquished

Notes
Turn   | Place    | Note
-------+----------+-------------------------------------------
     0 | D:1      | IdlyInterested the Demonspawn Fighter began the quest for
                  | the Orb.
     0 | D:1      | Reached XP level 1. HP: 18/18 MP: 1/1
  1121 | D:2      | Gained mutation: Your demonic aura sometimes causes spilled
                  | blood to erupt in flames. [demonic ancestry]
  1121 | D:2      | Reached XP level 2. HP: 21/24 MP: 2/2
  1226 | D:2      | You fall into a shaft and drop 2 floors!
  1238 | D:4      | Reached skill level 4 in Fighting
  1238 | D:4      | Gained mutation: A weak demonic guardian rushes to your
                  | aid. [demonic ancestry]
  1238 | D:4      | Reached XP level 3. HP: 23/30 MP: 3/3
  1243 | D:4      | Gained mutation: Your demonic aura often causes spilled
                  | blood to erupt in flames. [demonic ancestry]
  1243 | D:4      | Reached XP level 4. HP: 31/38 MP: 4/4
  1300 | D:4      | Noticed Ijyb
  1313 | D:4      | Killed from afar by Ijyb

Illustrated notes

Levels and vault maps discovered:
D:1:      evilmike_arrival_rings, layout_basic
D:2:      layout_loops_ring, minmay_tetromino_s4, uniq_jessica
D:4:      layout_loops_ring, minmay_temple_entry_sparse_star, uniq_pikel,
          uniq_duvessa, uniq_ijyb

Skill      XL: |  1  2 |
---------------+-------+-----
Fighting       | 4 |  4.6
Armour         | 3 |  3.0
Maces & Flails | |  1.7
Throwing       | |  0.6
Shields        | |  2.6

Action                     |  1- 3 |  4- 6 || total
---------------------------+-------+-------++-------
  Melee: Flail             |    42 |     5 ||    47
  Throw: Stone             |     4 |       ||     4
 Armour: Scale mail        |    20 |     2 ||    22
  Dodge: Dodged            |    15 |     4 ||    19
  Block: Buckler           |     6 |     1 ||     7

Table legend: (Time is in decaauts)
 A = Elapsed time spent in this place.
 B = Non-inter-level travel time spent in this place.
 C = Inter-level travel time spent in this place.
 D = Time resting spent in this place.
 E = Time spent auto-exploring this place.
 F = Levels seen in this place.
 G = Mean time per level.
                   A        B        C        D        E       F      G
               +--------+--------+--------+--------+--------+-----+--------+
         Total |   1330 |   1224 |    106 |     35 |    982 |   3 |  443.3 |
       Dungeon |   1330 |   1224 |    106 |     35 |    982 |   3 |  443.3 |
               +--------+--------+--------+--------+--------+-----+--------+

Top non-repeatable levels by time:
     D:1: 1037 daAuts
     D:2: 202 daAuts
     D:4: 90 daAuts
